AoeStats
← tom.bombadilo

Arabia

510214796Analyzed
2v2 RM · 2d ago on Sep 30, 2026· 45m 32s· 4 players
Game mode
Random Map
Map size
Medium (4 player)
Population
200
Speed
Normal
Resources
Standard
Victory
Conquest
Starting age
Dark Age
Ending age
Imperial Age
RankedLock teamsTeams togetherTeam positionsShared explorationLock speedFull tech treeHidden civsTurbo modeCheats
Victory
Defeat
🇺🇸 Britons · United States
1195
+14
🇺🇸 Italians · United States
1174
+14
🇺🇸 Bohemians · United States
1151
-14
🇺🇸 Inca · United States
1151
-14
RaringBerry2468
6:10 Loom
6:14 Loom
9:10 Feudal Age
9:59 Double-Bit Axe
9:56 Horse Collar
12:54 Town Watch
20:05 Fletching
20:18 Padded Archer Armor
25:53 Castle Age
26:55 Bow Saw
26:26 Elite Skirmisher
27:24 Bodkin Arrow
28:55 Wheelbarrow
tom.bombadilo
7:04 Loom
9:12 Feudal Age
9:48 Champi Runner
12:54 Double-Bit Axe
14:25 Fletching
16:57 Horse Collar
18:41 Padded Archer Armor
22:27 Castle Age
22:53 Scale Mail Armor
22:30 Crossbowman
23:06 Bodkin Arrow
24:07 Champi Warrior
25:05 Gold Mining
25:49 Chain Mail Armor
25:46 Forging
29:07 Wheelbarrow
30:28 Arson
30:44 Squires
41:28 Imperial Age
38:55 Stone Mining
40:07 Leather Archer Armor
40:47 Elite Skirmisher
45:59 Plate Mail Armor
45:29 Bracer
Randy1
7:48 Loom
9:43 Feudal Age
10:06 Man-at-Arms
12:44 Arson
13:22 Scale Mail Armor
13:33 Forging
13:59 Fletching
14:38 Padded Archer Armor
19:51 Double-Bit Axe
26:49 Castle Age
26:56 Crossbowman
27:38 Bodkin Arrow
28:20 Wheelbarrow
32:12 Guard Tower
38:10 Scale Barding Armor
41:45 Chain Barding Armor
42:12 Bloodlines
42:16 Forging
X Dr Foote X
7:19 Loom
10:48 Feudal Age
10:55 Man-at-Arms
12:28 Horse Collar
12:59 Arson
14:16 Double-Bit Axe
20:14 Fletching
22:40 Wheelbarrow
25:09 Castle Age
24:27 Padded Archer Armor
24:40 Gold Mining
25:22 Crossbowman
26:02 Bodkin Arrow
26:55 Bow Saw
26:47 Heavy Plow
28:15 Ballistics
30:47 Scale Barding Armor
34:49 Light Cavalry
37:58 Hand Cart
38:58 Leather Archer Armor
40:05 Forging
44:15 Iron Casting
46:52 Imperial Age
44:48 Husbandry
45:27 Chain Barding Armor
Connection lost

Rejoining the realm…

Still unreachable

The connection could not be restored.

Session expired

The server has moved on; the page needs a fresh start.